Match 27774355
Unlisted

Match 27774355
End
Vickers Machine Gun Team
Selects Air and Sea Battlegroup
Construct Section Command Post
ML 3-inch Mortar Team
Infantry Section
Infantry Section
Infantry Section
Selects Supply Surplus
Construct Field Infirmary
Construct Platoon Command Post
Royal Engineer Section
Construct Company Command Post
Construct Field Infirmary
Matilda II Heavy Tank
Selects Centaur Medium Tank
Matilda II Heavy Tank
Unlock M3 Grant Medium Tanks
Matilda II Heavy Tank
Selects Naval Bombardment
Armored Vehicle Training
Construct Field Infirmary
M3 Grant Medium Tank
Selects Commando Section Paradrop
Naval Bombardment
Ceruman
my worst self
Friendly Mouse(Poxie)
kingshannon151515
EasyGravy
Danma
g_G
fervela99
0
0

Comments sign in to comment!

No comments posted yet!